 Dungeon Crawl Stone Soup version 0.27-a0-29-g2d0a2396b0 (webtiles) character file.

Game seed: 232503798399469596

42 hehateme the Sneak (level 3, -3/20 HPs)
             Began as a Kobold Enchanter on Jan 4, 2021.
             Slain by an ogre
             ... wielding a +0 giant club
              (20 damage)
             ... on level 1 of the Dungeon.
             The game lasted 00:02:39 (1819 turns).

hehateme the Sneak (Kobold Enchanter)               Turns: 1819, Time: 00:02:39

Health: -3/20      AC:  2    Str:  6    XL:     3   Next: 77%
Magic:  6/6        EV: 15    Int: 16    God:
Gold:   119        SH:  0    Dex: 15    Spells: 5/6 levels left

rFire    . . .     SeeInvis .   a - +1 dagger
rCold    . . .     Faith    .   (shield restricted)
rNeg     . . .     Spirit   .   b - +0 robe
rPois    .         Reflect  .   (no helmet)
rElec    .         Harm     .   (no cloak)
rCorr    .         Rampage  .   (no gloves)
Will     .....                  (no boots)
Stlth    ++++......             (no amulet)
HPRegen  0.06/turn              (no ring)
MPRegen  0.10/turn              (no ring)

@: no status effects
A: small, nightstalker 3
a: no special abilities


You were on level 1 of the Dungeon.
You visited 1 branch of the dungeon, and saw 2 of its levels.

You collected 119 gold pieces.

Inventory:

Hand Weapons
 a - a +1 dagger (weapon)
Missiles
 g - 53 stones (quivered)
 i - 13 sling bullets
 Q - 16 bolts
Armour
 b - a +0 robe (worn)
Jewellery
 d - an uncursed amulet of regeneration {unknown}
Scrolls
 c - a scroll of noise {unknown}
 e - 2 scrolls of teleportation {unknown}
 h - a scroll of fog {unknown}
Potions
 f - a potion of curing {unknown}


   Skills:
 + Level 1.3 Fighting
 - Level 1.3 Short Blades
 - Level 2.4 Dodging
 - Level 4.0 Stealth
 - Level 2.1 Spellcasting
 * Level 3.6 Hexes
 * Level 1.7 Ice Magic


You had 5 spell levels left.
You knew the following spells:

 Your Spells              Type           Power        Failure   Level
v - Corona                Hex            14%          4%          1

Your spell library contained the following spells:

 Spells                   Type           Power        Failure   Level
 Ensorcelled Hibernation  Hex/Ice        20%          11%         2
 Confusing Touch          Hex            13%          14%         3
 Tukima's Dance           Hex            13%          14%         3
 Dazzling Flash           Conj/Hex       14%          28%         3


Dungeon Overview and Level Annotations

Branches:
Dungeon (2/15)

Altars:


Innate Abilities, Weirdness & Mutations

You are small and have problems with some larger weapons.
You are completely attuned to the shadows.


Message History

You closely miss the orc. The orc hits you with a +0 flail.
You take 5 damage, and have 15/20 hp.
GAME OVER YEAH!!
You hit the orc.
You kill the orc!
An orc comes into view. It is wielding a +0 mace.
Found a stone staircase leading down.
Things that are here:
a +0 flail; an orc corpse An orc and an orc wizard come into view.
The orc shouts!
Things that are here:
a +0 flail; an orc corpse You see here a +0 dagger.
There is a stone staircase leading up here.
The orc closely misses you.
You climb upwards.
The ogre hits you with a +0 giant club!!
Ouch! That really hurt!
You die...

#+#'###+#'# #...# #.#.......##
#.#.....'.###...# #.##.##.####
#.#######.#.....# #.##.##...[.
'....#....'.#...# #.......####
#.#+###+#.####.##### ####.##.####
#.#.....#.####.###.######.......#
#'#.....###.....#.#.......##.##.#
).#..><.#†'.##.o.O...####.##.##.#
###.....#+#.....@.......#.##.....
#.'.....#.#..........##.#.#######
#.#+#####.###......)......#
'....+....'.............###
#.#######.#.....#####.###
#.+.....'.####.## #.#
#.#+###.#.####.### #.#
#.#..#....##.....# #.#
#......#####.....# #.#

Skill      XL: |  1  2  3 |
---------------+----------+-----
Ice Magic      | 1 |  1.7
Fighting       | 1 |  1.3
Short Blades   | |  1.3
Dodging        | |  2.4
Stealth        | |  4.0
Spellcasting   | |  2.1
Hexes          | |  3.6

Notes
Turn   | Place    | Note
-------+----------+-------------------------------------------
     0 | D:1      | hehateme the Kobold Enchanter began the quest for the Orb.
     0 | D:1      | Reached XP level 1. HP: 10/10 MP: 3/3
   134 | D:1      | Reached XP level 2. HP: 13/16 MP: 5/5
   284 | D:1      | Reached skill level 1 in Ice Magic
   801 | D:1      | Reached XP level 3. HP: 20/20 MP: 6/6
   809 | D:1      | Reached skill level 1 in Fighting
  1228 | D:2      | Noticed an ogre
  1819 | D:1      | Slain by an ogre

Table legend: (Time is in decaauts)
 A = Elapsed time spent in this place.
 B = Non-inter-level travel time spent in this place.
 C = Inter-level travel time spent in this place.
 D = Time resting spent in this place.
 E = Time spent auto-exploring this place.
 F = Levels seen in this place.
 G = Mean time per level.
                   A        B        C        D        E       F      G
               +--------+--------+--------+--------+--------+-----+--------+
         Total |   1811 |   1774 |     37 |    431 |    910 |   2 |  905.5 |
       Dungeon |   1811 |   1774 |     37 |    431 |    910 |   2 |  905.5 |
               +--------+--------+--------+--------+--------+-----+--------+

Top non-repeatable levels by time:
     D:1: 1162 daAuts
     D:2: 648 daAuts

Table legend:
 A = Kills in this place as a percentage of kills in entire the game.
 B = Kills by you in this place as a percentage of kills by you in the entire game.
 C = Kills by friends in this place as a percentage of kills by friends in the entire game.
 D = Other kills in this place as a percentage of other kills in the entire game.
 E = Experience gained in this place as a percentage of experience gained in the entire game.
 F = Experience gained in this place divided by the number of levels of this place that you have seen.
                   A       B       C       D       E      F
               +-------+-------+-------+-------+-------+----------------------
         Total | 100.0 | 100.0 |   N/A |   N/A | 100.0 |  30.0
       Dungeon | 100.0 | 100.0 |   N/A |   N/A | 100.0 |  30.0
               +-------+-------+-------+-------+-------+----------------------

Action                   || total
-------------------------++-------
Melee: Dagger            ||   138
Throw: Stone             ||     3
 Stab: Sleeping          ||    16
Armor: Robe              ||    25
Dodge: Dodged            ||   121

Vanquished Creatures
  A dart slug (D:1)
  2 orcs (D:2)
  A ball python (D:2)
  A giant cockroach (D:2)
  3 goblins
  6 hobgoblins
  3 jackals (D:1)
  5 bats
  4 frilled lizards
  5 kobolds (D:1)
  4 rats (D:1)
35 creatures vanquished. You could see an ogre and an orc.

Levels and vault maps discovered:
D:1:      shiori_arrival_maze, layout_loops_cross, minmay_split_cup_small
D:2:      layout_rooms
